 Dungeon Crawl Stone Soup version 0.26-a0-639-g72c4674329 (webtiles) character file.

Game seed: 11845289374225781843

59 Flugslaktarn the Shield-Bearer (level 3, -1/34 HPs)
             Began as a Deep Dwarf Fighter on Sept 24, 2020.
             Killed by divine providence
             ... invoked by an orc priest
              (12 damage)
             ... on level 4 of the Dungeon.
             The game lasted 00:00:16 (438 turns).

Flugslaktarn the Shield-Bearer (Deep Dwarf Fighter)  Turns: 438, Time: 00:00:17

Health: -1/34      AC:  6    Str: 20    XL:     3   Next: 78%
Magic:  3/3        EV:  7    Int:  8    God:
Gold:   60         SH:  9    Dex: 12    Spells: 2/2 levels left

rFire    . . .     SeeInvis .   a - +0 war axe
rCold    . . .     Faith    .   c - +0 kite shield
rNeg     . . .     Spirit   .   b - +0 scale mail
rPois    .         Reflect  .   (no helmet)
rElec    .         Harm     .   (no cloak)
rCorr    .         Rampage  .   (no gloves)
MR       .....                  (no boots)
Stlth    ..........             (no amulet)
HPRegen  0.00/turn              (no ring)
MPRegen  0.08/turn              (no ring)

@: non-regenerating
A: damage resistance, heal wounds, sense surroundings 1, no regeneration
a: Heal Wounds


You were on level 4 of the Dungeon.
You visited 1 branch of the dungeon, and saw 4 of its levels.

You collected 60 gold pieces.

Inventory:

Hand Weapons
 a - a +0 war axe (weapon)
Armour
 b - a +0 scale mail (worn)
 c - a +0 kite shield (worn)
Wands
 k - a wand of iceblast (6)
   (You took it off Ijyb on level 3 of the Dungeon)
Scrolls
 e - 3 scrolls of identify {unknown}
 g - 2 scrolls of remove curse {unknown}
 h - a scroll of noise {unknown}
 i - a scroll of fog {unknown}
 j - a scroll of blinking {unknown}
Potions
 d - a potion of might
 f - a potion of brilliance {unknown}
 l - a potion of magic {unknown}


   Skills:
 * Level 3.3 Fighting
 * Level 3.1 Axes
 + Level 3.6 Armour
 + Level 3.7 Shields


You had 2 spell levels left.
You didn't know any spells.
Your spell library was empty.

Dungeon Overview and Level Annotations

Branches:
Dungeon (4/15)
 Temple: D:4-7

Altars:


Innate Abilities, Weirdness & Mutations

You are resistant to damage.
You can heal yourself by infusing magical energy.
You passively map a small area around you.
You do not regenerate.


Message History

You slash the worm!
The worm is heavily wounded.
The worm bites you.
The orc priest calls down the wrath of Beogh upon you.
Beogh smites you!
You slash the worm!
The worm is almost dead.
The orc priest invokes the aid of Beogh against you.
Pain shoots through your body! The worm barely misses you.
An orc comes into view. It is wielding a +0 flail.
You are too injured to fight recklessly!
You are too injured to fight recklessly!
You are too injured to fight recklessly!
You are too injured to fight recklessly!
You are too injured to fight recklessly!
The orc shouts!
You hear a shout!
A hound skeleton comes into view.
The orc priest invokes the aid of Beogh against you.
Beogh smites you!
You die...

.....#... ........o.., ,
.......... ..........,
#.......... ........Z. *
#.........# ** ......o.#
#.........# *........#
**
#.........######o..o...#
#...................).>#
#.........######o......#
#.............@.....####
#.........####......#
####...........#...w..#
........######.#......#*
###.###.# , .........#
#.# #.# ,,..........# ,
#.# #.#* ....###.....# ,
#.# #.# ...., ......#
**,, #.# #.#* ....
#.....# *


You could see a worm, an orc priest and 2 orcs.

Vanquished Creatures
  Ijyb (D:3)
  2 adders
  An ooze (D:1)
  A leopard gecko (D:1)
  A bat (D:3)
  A goblin (D:1)
  2 hobgoblins (D:1)
  2 ball pythons (D:1)
  2 frilled lizards
13 creatures vanquished.

Notes
Turn   | Place    | Note
-------+----------+-------------------------------------------
     0 | D:1      | Flugslaktarn the Deep Dwarf Fighter began the quest for the
                  | Orb.
     0 | D:1      | Reached XP level 1. HP: 20/20 MP: 1/1
    75 | D:1      | Reached XP level 2. HP: 24/27 MP: 2/2
   206 | D:3      | Noticed Ijyb
   218 | D:3      | Killed Ijyb
   218 | D:3      | Reached XP level 3. HP: 24/34 MP: 3/3
   438 | D:4      | Killed from afar by an orc priest

Illustrated notes

Levels and vault maps discovered:
D:1:      dpeg_arrival_round_c, layout_basic, nrook_campfire,
          minmay_misc_feat_chi
D:2:      cheibrodos_helix_gallery, layout_loops_ring,
          nicolae_overflow_crystal_walls, overflow_temple_1_default,
          chequers_ecumenical_altar_simple
D:3:      layout_loops_ring, patterned_corridor, uniq_ijyb, uniq_robin
D:4:      layout_basic, kennysheep_mini, uniq_menkaure

Skill      XL: |  1  2 |
---------------+-------+-----
Fighting       | 3 |  3.3
Axes           | 3 |  3.1
Armour         | |  3.6
Shields        | |  3.7

Action                   || total
-------------------------++-------
Melee: War axe           ||    43
 Abil: Heal Wounds       ||     1
Armor: Scale mail        ||    25
Dodge: Dodged            ||    12
Block: Kite shield       ||    23

Table legend: (Time is in decaauts)
 A = Elapsed time spent in this place.
 B = Non-inter-level travel time spent in this place.
 C = Inter-level travel time spent in this place.
 D = Time resting spent in this place.
 E = Time spent auto-exploring this place.
 F = Levels seen in this place.
 G = Mean time per level.
                   A        B        C        D        E       F      G
               +--------+--------+--------+--------+--------+-----+--------+
         Total |    456 |    397 |     59 |      0 |    293 |   4 |  114.0 |
       Dungeon |    456 |    397 |     59 |      0 |    293 |   4 |  114.0 |
               +--------+--------+--------+--------+--------+-----+--------+

Top non-repeatable levels by time:
     D:3: 199 daAuts
     D:2: 126 daAuts
     D:1: 86 daAuts
     D:4: 43 daAuts
